 Dungeon Crawl Stone Soup version 0.29-a0-284-gf9362112df (webtiles) character file.

Game seed: 2388938984506020082

103 ders the Magician (level 5, -4/35 HPs)
             Began as a Djinni Fire Elementalist on Mar 24, 2022.
             Slain by an ice beast (7 damage)
             ... on level 3 of the Dungeon.
             The game lasted 00:02:08 (3746 turns).

ders the Magician (Djinni Fire Elementalist)        Turns: 3746, Time: 00:02:08

Health: -4/35      AC:  2    Str:  7    XL:     5   Next: 6%
Gold:   70         EV: 12    Int: 18    God:
                   SH:  0    Dex: 14

rFire   + + .      SeeInvis .   k - +0 whip
rCold   x . .      Faith    .   (no shield)
rNeg    . . .      Spirit   .   a - +0 robe
rPois   ∞          Reflect  .   (no helmet)
rElec   .          Harm     .   (no cloak)
rCorr   .          Rampage  .   (no gloves)
Will    .....                   (boots unavailable)
Stlth   ++........              (no amulet)
HPRegen 0.11/turn               (no ring)
MPRegen 0.00/turn               (no ring)

@: flying
A: sickness immunity, fire resistance 2, cold vulnerability 1, float, innate
caster, HP casting, extra vitality 1
a: no special abilities


You were on level 3 of the Dungeon.
You visited 1 branch of the dungeon, and saw 3 of its levels.

You collected 70 gold pieces.

Inventory:

Hand Weapons
 k - a +0 whip (weapon)
Armour
 a - a +0 robe (worn)
Jewellery
 j - an amulet of regeneration
Scrolls
 b - a scroll of brand weapon {unknown}
 c - a scroll of vulnerability {unknown}
 d - 2 scrolls of identify {unknown}
 e - a scroll of enchant weapon {unknown}
 f - 5 scrolls of teleportation {unknown}
 h - a scroll of noise {unknown}
 i - a scroll of immolation {unknown}
 m - a scroll of enchant armour {unknown}
Potions
 g - a potion of mutation {unknown}
 l - a potion of brilliance {unknown}


   Skills:
 - Level 2.1 Dodging
 - Level 1.5 Stealth
 + Level 4.1 Spellcasting


You couldn't memorise any spells.
You knew the following spells:

 Your Spells              Type           Power      Damage    Failure   Level
a - Foxfire               Conj/Fire      72%        2x1d7     2%          1
b - Scorch                Fire           36%        2d7       4%          2
c - Conjure Flame         Conj/Fire      18%        6-21      8%          3
d - Inner Flame           Hex/Fire       18%        N/A       8%          3
e - Flame Wave            Conj/Fire      18%        2d6       26%         4
f - Summon Small Mammal   Summ           72%        N/A       2%          1
g - Ensorcelled Hibernat  Hex/Ice        36%        N/A       4%          2
Your spell library was empty.

Dungeon Overview and Level Annotations

Branches:
Dungeon (3/15)

Altars:
Fedhas
Sif Muna

Shops:
D:1 [


Innate Abilities, Weirdness & Mutations

You are immune to sickness and miasma.
You are immune to poison.
Your flesh is very heat resistant. (rF++)
You are vulnerable to cold. (rC-)
You float through the air rather than walking.
You learn spells naturally, not from books.
Your magical power is your life essence.
You have superior vitality. (+4 MHP)


Message History

The foxfire hits the ice beast.
The ice beast is lightly wounded.
The foxfire hits the ice beast.
The ice beast is lightly wounded.
Unknown command.
Casting: Foxfire (safe; 2% risk of failure)
Confirm with . or Enter, or press ? or * to list all spells.
Flames lash the ice beast.
The ice beast is lightly wounded.
The ice beast's fire resistance burns away.
A dart slug comes into view.
The ice beast hits you. The ice beast freezes you!
You feel a terrible chill!
Unknown command.
Casting: Scorch (safe; 4% risk of failure)
Confirm with . or Enter, or press ? or * to list all spells.
Flames lash the ice beast.
The ice beast melts!
The ice beast is heavily wounded.
The dart slug launches a dart at you. The slug dart misses you.
The ice beast hits you but does no damage.
The ice beast misses you.
Unknown command.
Casting: Scorch (safe; 4% risk of failure)
Confirm with . or Enter, or press ? or * to list all spells.
Flames lash the ice beast.
The ice beast melts!
The ice beast is severely wounded.
The ice beast barely misses you. The ice beast hits you.
The ice beast freezes you!
You feel a terrible chill!
* * * LOW HITPOINT WARNING * * *
Unknown command.
Casting: Scorch (safe; 4% risk of failure)
Confirm with . or Enter, or press ? or * to list all spells.
Flames lash the ice beast.
The ice beast melts!
The ice beast is severely wounded.
* * * LOW HITPOINT WARNING * * *
The ice beast hits you but does no damage.
The ice beast hits you.
* * * LOW HITPOINT WARNING * * *
The ice beast freezes you!
You feel a terrible chill!
You die...

##.## .# ####
######...##..# . .. ...#
#..............#..#
.#.###.####...##..#.#..#
............).# .......
##.###.#####..# .#.#..#
##.# #.# #..###......#
...###.#####..##.Y..#...
#...............@..w...#
#..##.######..##....#..#
.........(....###......#
#..##########.# .#.#...
#..# #.# ......# #..#
#.# ##..... #..# ..#
###.. ...# ### ## #.##


You could see an ice beast (combustible) and a dart slug.

Vanquished Creatures
  3 gnolls (D:3)
  An adder (D:2)
  2 worms
  3 dart slugs (D:1)
  4 ball pythons
  7 bats
  3 endoplasms
  2 giant cockroaches
  6 goblins
  5 hobgoblins
  2 jackals (D:2)
  3 quokkas
  7 kobolds
  2 rats
50 creatures vanquished.

Vanquished Creatures (others)
  161 foxfires
161 creatures vanquished.

Grand Total: 211 creatures vanquished

Notes
Turn   | Place    | Note
-------+----------+-------------------------------------------
     0 | D:1      | ders the Djinni Fire Elementalist began the quest for the
                  | Orb.
     0 | D:1      | Reached XP level 1. HP: 15/15 MP: 0/0
   289 | D:1      | Reached XP level 2. HP: 20/21 MP: 0/0
   454 | D:1      | Reached skill level 3 in Spellcasting
   846 | D:1      | Found a faded altar of an unknown god.
  1066 | D:1      | Found Vukk's Armour Shoppe.
  1115 | D:1      | Reached XP level 3. HP: 20/25 MP: 0/0
  1115 | D:1      | Learned a level 1 spell: Summon Small Mammal
  2519 | D:2      | Reached XP level 4. HP: 18/31 MP: 0/0
  3355 | D:3      | Reached skill level 4 in Spellcasting
  3361 | D:3      | Reached XP level 5. HP: 13/35 MP: 0/0
  3361 | D:3      | Learned a level 2 spell: Ensorcelled Hibernation
  3653 | D:3      | Found a blossoming altar of Fedhas.
  3729 | D:3      | Noticed an ice beast
  3746 | D:3      | Slain by an ice beast

Illustrated notes

Levels and vault maps discovered:
D:1:      lightli_arrival_flooded_house, layout_loops_corners,
          chequers_ecumenical_altar_simple_redux, serial_shops, shop
D:2:      minmay_spotlight, layout_loops_cross, basic_altar
D:3:      layout_loops_ring, fedhas_altar_1, wad_floor_pattern_1,
          minmay_pentangle, uniq_crazy_yiuf_cottage

Skill      XL: |  1  2  3  4 |
---------------+-------------+-----
Spellcasting   | 3 4 |  4.1
Dodging        | |  2.1
Stealth        | |  1.5

Action                   |  1- 3 |  4- 6 || total
-------------------------+-------+-------++-------
Melee: Unarmed           |     1 |       ||     1
 Cast: Foxfire           |    76 |    37 ||   113
       Scorch            |     8 |    13 ||    21
Armor: Robe              |     7 |     2 ||     9
Dodge: Dodged            |    16 |     8 ||    24

Table legend: (Time is in decaauts)
 A = Elapsed time spent in this place.
 B = Non-inter-level travel time spent in this place.
 C = Inter-level travel time spent in this place.
 D = Time resting spent in this place.
 E = Time spent auto-exploring this place.
 F = Levels seen in this place.
 G = Mean time per level.
                   A        B        C        D        E       F      G
               +--------+--------+--------+--------+--------+-----+--------+
         Total |   3745 |   3675 |     70 |    193 |   3118 |   3 | 1248.3 |
       Dungeon |   3745 |   3675 |     70 |    193 |   3118 |   3 | 1248.3 |
               +--------+--------+--------+--------+--------+-----+--------+

Top non-repeatable levels by time:
     D:1: 2021 daAuts
     D:2: 1321 daAuts
     D:3: 402 daAuts
